 Dungeon Crawl Stone Soup version 0.28-a0-1199-gef9e1dbd39 (webtiles) character file.

Game seed: 1155109240700433818

2623 sanka the Carver (level 9, -4/118 HPs)
             Began as a Palentonga Fighter on Dec 19, 2021.
             Slain by a killer bee (7 damage)
             ... on level 7 of the Dungeon.
             The game lasted 00:14:27 (9228 turns).

sanka the Carver (Palentonga Fighter)               Turns: 9228, Time: 00:14:28

Health: -4/118     AC: 24    Str: 21    XL:     9   Next: 34%
Magic:  9/9        EV:  1    Int:  8    God:
Gold:   282        SH:  4    Dex: 13    Spells: 8/8 levels left

rFire   + . .      SeeInvis +   (no weapon)
rCold   + + .      Faith    .   c - +0 buckler
rNeg    . . .      Spirit   .   (armour currently unavailable)
rPois   +          Reflect  .   (helmet currently unavailable)
rElec   +          Harm     .   (cloak currently unavailable)
rCorr   +          Rampage  .   (gloves currently unavailable)
Will    .....      NoTele   +   (no barding)
Stlth   +.........              (no amulet)
HPRegen 0.29/turn               y - ring of protection from cold
MPRegen 0.11/turn               C - ring of poison resistance

@: tree-form, resistant
A: stationary, stasis, torment immunity, boosted hp, large, rugged brown scales
3, see invisible, (deformed body), (roll 1), (armoured tail), (reflexive curl)
a: no special abilities


You were on level 7 of the Dungeon.
You were a tree.
You visited 2 branches of the dungeon, and saw 9 of its levels.

You collected 282 gold pieces.


Innate Abilities, Weirdness & Mutations

You are a tree.
Your roots penetrate the ground, keeping you stationary.
You cannot be teleported.
You are immune to unholy pain and torment.
Your maximum health is greatly increased.
Your equipment is partially melded.
(You are completely covered in rugged brown scales. (AC +3, +7% HP))
You have supernaturally acute eyesight. (SInv)
((Armour fits poorly on your strangely shaped body.))
((You can roll at nearby foes to attack.))
((You have a long armoured tail.))
((You curl defensively after being hit. (AC +7*)))


   Skills:
 + Level 8.0 Fighting
 + Level 9.1 Long Blades
 + Level 2.9 Armour
 + Level 2.9 Shields
 - Level 4.0 Evocations


You had 8 spell levels left.
You didn't know any spells.
Your spell library contained the following spells:

 Spells                   Type           Power      Damage    Failure   Level
 Ensorcelled Hibernation  Hex/Ice        0%         N/A       54%         2
 Passwall                 Tmut/Erth      0%         N/A       54%         2
 Portal Projectile        Hex/Tloc       0%         N/A       78%         3
 Swiftness                Air            0%         N/A       78%         3
 Tukima's Dance           Hex            0%         N/A       78%         3
 Blade Hands              Tmut           0%         N/A       100%        5
 Excruciating Wounds      Necr           0%         N/A       100%        5

Inventory:

Hand Weapons
 a - a +0 long sword of electrocution
Armour
 b - a +0 scale mail (melded)
 c - a +0 buckler (worn)
 j - a +0 cloak (melded)
 B - a +0 helmet (melded)
 E - a +2 pair of gloves (melded)
Jewellery
 h - an amulet of magic regeneration
 o - a ring of fire
 y - a ring of protection from cold (left branch)
 C - a ring of poison resistance (right branch)
Wands
 z - a wand of paralysis (6)
Scrolls
 d - 3 scrolls of fog
 f - a scroll of blinking
 k - a scroll of fear
 l - 2 scrolls of amnesia
 m - a scroll of magic mapping {unknown}
 r - 3 scrolls of immolation {!r}
 t - 2 scrolls of enchant armour
 v - a scroll of enchant weapon {unknown}
 x - 3 scrolls of noise {!r}
Potions
 e - a potion of curing {unknown}
 g - a potion of attraction {!q}
 i - a potion of haste {@q3}
 u - a potion of heal wounds {unknown}
 A - a potion of flight {unknown}

Dungeon Overview and Level Annotations

Branches:
Dungeon (8/15)             Temple (1/1) D:4
   Lair: D:8-11

Altars:
Ashenzari
Cheibriados
Elyvilon
Fedhas
Gozag
Hepliaklqana
Kikubaaqudgha
Makhleb
Qazlal
Trog
Uskayaw
Wu Jian
Xom
Yredelemnul
Zin
The Shining One

Shops:
D:1 ( D:3

* ▒.▒..▒.... ▒.........▒
▒.▒..▒.... ▒.........▒
▒▒▒▒.▒...... ▒▒▒▒▒.▒▒▒▒▒
.........▒▒▒▒ ▒.▒
.▒▒..▒.▒....▒ ▒.▒
....)..▒.(..▒ ▒.▒
▒▒▒.........▒ ▒▒▒▒▒.▒
▒..▒.▒....▒ ▒..▒▒.▒
.....▒†▒...y▒▒▒▒♣▒▒▒.▒
....▒▒.▒▒.▒▒.y▒▒y▒ ▒.▒
.▒..▒▒.▒▒..▒y..F.▒ ▒.▒
.▒..▒▒.▒▒....F.▒▒▒ ▒.▒
>▒.........5..▒▒ ▒.▒
.......▒...▒▒.▒ ▒.▒
▒...▒......▒▒.▒ ▒.▒
....▒...▒▒.▒..▒ ▒.▒
.▒.....▒▒▒.▒.▒▒▒▒▒▒▒.▒▒▒▒


You could see a bullfrog and a killer bee.


Message History

The killer bee stings you but does no damage.
Unknown command.
You closely miss the killer bee. You block the killer bee's attack.
You block the killer bee's attack.
Unknown command.
You hit the killer bee.
The killer bee is moderately wounded.
You block the killer bee's attack.
The killer bee stings you but does no damage.
Unknown command.
You closely miss the killer bee.
The killer bee is moderately wounded.
The killer bee stings you.
* * * LOW HITPOINT WARNING * * *
The killer bee stings you but does no damage.
You closely miss the killer bee.
The killer bee is lightly wounded.
The killer bee stings you but does no damage.
The killer bee stings you.
* * * LOW HITPOINT WARNING * * *
Unknown command.
It was a potion of magic.
Magic courses through your body.
The killer bee stings you but does no damage.
The killer bee stings you but does no damage.
It was a potion of resistance.
You feel protected. The killer bee stings you!
You die...

Action                   |  1- 3 |  4- 6 |  7- 9 || total
-------------------------+-------+-------+-------++-------
Melee: Long sword        |    86 |   130 |   240 ||   456
       Tailslap          |     9 |    18 |    46 ||    73
       Unarmed           |       |       |     7 ||     7
 Abil: Rolling Charge    |       |     1 |    12 ||    13
  Use: Scroll            |     3 |     1 |    10 ||    14
       Potion            |       |     1 |     6 ||     7
Armor: Scale mail        |    40 |    57 |   112 ||   209
       Skin              |       |       |     8 ||     8
Dodge: Dodged            |    26 |    36 |    79 ||   141
Block: Buckler           |    19 |    26 |    64 ||   109

Levels and vault maps discovered:
D:1:      sevenhm_arrival_forest_fort_small_5, layout_basic,
          ebering_ecumenical_altar_mist, serial_shops, shop, st_stairs_11,
          minmay_misc_feat_secret_circle
D:2:      layout_basic
D:3:      layout_basic, serial_shops, shop
D:4:      layout_basic, minmay_temple_entry_statues_pillars,
          kennysheep_small_circle
D:5:      nicolae_cairo_tiling_large_dashed, layout_loops_ring,
          pdpol_wu_jian_five_deadly_venoms, tgw_trog, marbit_many_paths,
          palyth_stone_intersect
D:6:      layout_basic, kennysheep_slug_shrine, minivault_19, dk_noncrumbling_3
D:7:      layout_rooms, old_standard_altar, gammafunk_ghost_necromancy,
          lemuel_old_faithful
D:8:      layout_rooms, nicolae_ru_awakened_eye, grunt_dithmenos_smoke
Temple:   minmay_temple_curvy_loop

Notes
Turn   | Place    | Note
-------+----------+-------------------------------------------
     0 | D:1      | sanka the Palentonga Fighter began the quest for the Orb.
     0 | D:1      | Reached XP level 1. HP: 19/19 MP: 1/1
   226 | D:1      | Reached XP level 2. HP: 18/25 MP: 2/2
   475 | D:1      | Found a faded altar of an unknown god.
   658 | D:1      | Reached skill level 3 in Long Blades
   674 | D:1      | Found Xamesag's Weapon Boutique.
   976 | D:2      | Reached XP level 3. HP: 26/31 MP: 3/3
  1357 | D:3      | Reached skill level 4 in Long Blades
  1374 | D:3      | Reached XP level 4. HP: 31/37 MP: 4/4
  1639 | D:3      | Found Culuokom's General Store.
  1864 | D:4      | Reached skill level 5 in Long Blades
  1875 | D:4      | Noticed an ice beast
  1944 | D:3      | Reached XP level 5. HP: 26/43 MP: 5/5
  2490 | D:4      | Reached skill level 6 in Long Blades
  2638 | D:4      | Noticed an ogre
  2667 | D:4      | Noticed an ogre
  2822 | D:4      | Found a staircase to the Ecumenical Temple.
  2833 | Temple   | Entered the Ecumenical Temple
  3066 | D:4      | Noticed an ogre
  3138 | D:4      | Killed an ogre
  3138 | D:4      | HP: 4/43 [kobold (3)]
  3139 | D:4      | Reached XP level 6. HP: 5/50 MP: 6/6
  3761 | D:5      | Entered Level 5 of the Dungeon
  3795 | D:5      | Reached skill level 7 in Long Blades
  3879 | D:5      | Noticed a sky beast
  3910 | D:5      | Killed a sky beast
  3911 | D:5      | Gained mutation: You curl defensively after being hit. (AC
                  | +7*) [Palentonga growth]
  3911 | D:5      | Reached XP level 7. HP: 20/55 MP: 7/7
  4139 | D:5      | Reached skill level 8 in Long Blades
  4901 | D:5      | Reached skill level 9 in Long Blades
  4950 | D:5      | Reached skill level 4 in Fighting
  5062 | D:5      | Reached XP level 8. HP: 62/65 MP: 8/8
  5362 | D:4      | Found a staircase to the Ecumenical Temple.
  5773 | D:4      | Reached skill level 5 in Fighting
  6171 | D:5      | Reached skill level 6 in Fighting
  6425 | D:5      | Found an ornate altar of the Wu Jian Council.
  6814 | D:5      | Noticed a moth of wrath
  6818 | D:5      | Found a bloodstained altar of Trog.
  6904 | D:5      | Reached skill level 7 in Fighting
  7118 | D:5      | Found a glowing silver altar of Zin.
  7384 | D:6      | Reached skill level 8 in Fighting
  7797 | D:6      | Found a snail-covered altar of Cheibriados.
  8390 | D:7      | Reached skill level 1 in Evocations
  8390 | D:7      | Reached XP level 9. HP: 43/79 MP: 9/9
  8555 | D:7      | Found an ancient bone altar of Kikubaaqudgha.
  8598 | D:7      | Reached skill level 2 in Evocations
  8689 | D:7      | Reached skill level 3 in Evocations
  9117 | D:8      | Reached skill level 4 in Evocations
  9215 | D:7      | HP: 7/79 [poisoned by a killer bee]
  9220 | D:7      | HP: 7/118 [killer bee (2)]
  9225 | D:7      | HP: 8/118 [killer bee (1)]
  9226 | D:7      | HP: 3/118 [killer bee (5)]
  9228 | D:7      | Identified a potion of resistance
  9228 | D:7      | Slain by a killer bee

Vanquished Creatures
  A wyvern (D:7)
  A wraith (D:6)
  A steam dragon (D:7)
  A water moccasin (D:6)
  An orc warrior (D:8)
  An ice beast (D:4)
  A sky beast (D:5)
  A hornet zombie (D:5)
  3 black bears (D:5)
  A centaur (D:7)
  5 ogres
  A scorpion (D:5)
  A water moccasin zombie (D:5)
  2 killer bees
  2 jellies
  A bullfrog zombie (D:5)
  2 centaur skeletons
  A centaur zombie (D:7)
  A hound (D:5)
  2 orc priests (D:3)
  6 iguanas
  4 orc wizards
  A scorpion zombie (D:5)
  A killer bee zombie (D:4)
  A hound skeleton (D:4)
  A howler monkey zombie (D:6)
  5 adders
  2 white imps
  An ufetubus (D:6)
  An adder skeleton (D:4)
  2 worms (D:5)
  3 dart slugs
  23 orcs
  4 ball pythons
  3 endoplasms
  4 giant cockroaches
  3 goblins
  5 hobgoblins
  4 jackals (D:3)
  4 quokkas
  3 frilled lizards
  6 kobolds
  4 rats
121 creatures vanquished.
